 Dungeon Crawl Stone Soup version 0.22.1-1-ga44c0e56f4 (webtiles) character file.

28781 Gargoyl the Schismatic (level 13, 0/107 HPs)
             Began as a Centaur Abyssal Knight on Oct 18, 2018.
             Was an Elder of Lugonu.
             Slain by a spiny frog (19 damage)
             ... on level 5 of the Lair of Beasts.
             The game lasted 00:32:51 (15927 turns).

Gargoyl the Schismatic (Centaur Abyssal Knight)    Turns: 15927, Time: 00:32:52

Health: 0/107      AC: 13    Str: 18    XL:     13   Next: 11%
Magic:  21/21      EV:  8    Int: 11    God:    Lugonu [****..]
Gold:   1072       SH: 11    Dex: 11    Spells: 12/12 levels left

rFire    . . .     SeeInvis +   e - +4 hand axe "Tidoerph" {elec, Fragile rElec SInv}
rCold    + . .     Gourm    .   H - +2 shield
rNeg     + . .     Faith    .   f - +1 scale mail {rC+}
rPois    .         Spirit   .   (no helmet)
rElec    +         Reflect  .   (no cloak)
rCorr    .         Harm     .   h - +2 pair of gloves
MR       +....                  (no barding)
Stlth    ..........             x - amulet of regeneration
HPRegen  0.67/turn              d - ring of protection from magic
MPRegen  0.17/turn              r - ring of positive energy

@: lethally poisoned (0 -> 0), very quick
A: large, hooves 3, deformed body, speed 2, tough skin 3, wild magic 1,
MP-powered wands
a: Depart the Abyss, Bend Space, Banish, Corrupt, Renounce Religion


You were on level 5 of the Lair of Beasts.
You worshipped Lugonu.
Lugonu was greatly pleased with you.
You were not hungry.

You visited 2 branches of the dungeon, and saw 16 of its levels.
You visited the Abyss 1 time.

You collected 1180 gold pieces.
You spent 108 gold pieces at shops.

Inventory:

Hand Weapons
 e - the +4 hand axe "Tidoerph" (weapon) {elec, Fragile rElec SInv}
   (You found it on level 2 of the Abyss)

   Occasionally, upon striking a foe, it will discharge some electrical energy
   and cause terrible harm.
   It insulates you from electricity.
   It lets you see invisible.
   It will be destroyed if unequipped.
 v - a cursed +3 war axe
 K - a +3 hand axe of freezing
Missiles
 w - 9 tomahawks (quivered)
Armour
 f - a +1 scale mail of cold resistance (worn)
 h - a +2 pair of gloves (worn)
 H - a +2 shield (worn)
Jewellery
 d - a ring of protection from magic (left hand)
 r - a ring of positive energy (right hand)
 x - an amulet of regeneration (around neck)
 G - an uncursed ring of resist corrosion {unknown}
 I - an uncursed amulet of the acrobat {unknown}
Wands
 k - a wand of digging (5)
 E - a wand of enslavement (8)
 F - a wand of flame (30)
 N - a wand of polymorph (10)
 O - a wand of clouds (6)
Scrolls
 a - a scroll of enchant armour
 b - 12 scrolls of remove curse
 g - 4 scrolls of fear
 o - 3 scrolls of enchant weapon
 t - 3 scrolls of magic mapping
 y - 12 scrolls of teleportation
 A - a scroll of blinking
 B - 3 scrolls of amnesia
 L - 2 scrolls of fog
 M - a scroll of identify
Potions
 i - 4 potions of lignification
 j - 3 potions of flight
 l - 8 potions of curing
 n - 2 potions of ambrosia
 p - a potion of invisibility
 q - 3 potions of agility {unknown}
 s - 6 potions of heal wounds {unknown}
 u - 2 potions of degeneration {unknown}
 z - a potion of cancellation {unknown}
 C - 2 potions of haste {unknown}
 D - a potion of brilliance {unknown}
 J - a potion of magic {unknown}
Comestibles
 c - 33 rations
 m - 5 chunks of flesh


   Skills:
 + Level 8.2 Fighting
 + Level 10.4 Axes
 + Level 1.2 Throwing
 * Level 9.7 Armour
 + Level 4.2 Dodging
 + Level 4.9 Shields
 * Level 11.1 Invocations
 + Level 0.3 Evocations


You had 12 spell levels left.
You didn't know any spells.
Your spell library contained the following spells:

 Spells                   Type           Power        Failure   Level  Hunger
 Confusing Touch          Hex            #.....       95%         1    ##.....
 Shock                    Conj/Air       #...         95%         1    ##.....
 Swiftness                Chrm/Air       #.......     99%         2    ###....
 Confuse                  Hex            #.......     100%        3    ####...
 Gell's Gravitas          Tloc           #.........   100%        3    ####...
 Ignite Poison            Fire/Tmut/Pois #.......     100%        3    ####...
 Static Discharge         Conj/Air       #.......     100%        3    ####...
 Airstrike                Air            #.........   100%        4    #####..
 Petrify                  Tmut/Erth      #.......     100%        4    #####..
 Fireball                 Conj/Fire      #.........   100%        5    ######.
 Irradiate                Conj/Tmut      #.........   100%        5    ######.
 Lightning Bolt           Conj/Air       #.........   100%        5    ######.
 Metabolic Englaciation   Hex/Ice        #.........   100%        5    ######.
 Yara's Violent Unravell  Hex/Tmut       #.........   100%        5    ######.
 Bolt of Fire             Conj/Fire      #.........   100%        6    #######
 Hydra Form               Tmut           #.........   100%        6    #######
 Statue Form              Tmut/Erth      #........    100%        6    #######
 Dragon Form              Tmut           #.........   100%        7    #######
 Ring of Flames           Chrm/Fire      #.........   100%        7    #######
 Ignition                 Fire           #.........   100%        8    #######


Dungeon Overview and Level Annotations

Branches:
Dungeon (10/15)            Temple (0/1) D:7            Lair (6/6) D:10
 Shoals (0/4) Lair:4       Spider (0/4) Lair:4        Slime (0/5) Lair:5
    Orc (0/2) D:10

Altars:
Elyvilon
Makhleb
Nemelex Xobeh
Okawaru
Vehumet
The Shining One
Jiyva

Shops:
D:4 !

Annotations:
D:3 Grinder
D:8 exclusion: oklob plant


Innate Abilities, Weirdness & Mutations

You have hooves in place of feet.
Armour fits poorly on your strangely shaped body.
You cover ground very quickly.
You have extremely tough skin. (AC +3)
Your spells are a little harder to cast, but a little more powerful.
You expend magic power (3 MP) to strengthen your wands.


Message History

Unknown command.
You closely miss the spiny frog. You kick the spiny frog.
The spiny frog is lightly wounded.
You hit the plant. The spiny frog stings you.
You hit the spiny frog but do no damage.
Lightning courses through the spiny frog!
The spiny frog is severely wounded.
You hit the plant.
You feel sick. The spiny frog stings you!
You slash the spiny frog! You kick the spiny frog.
The spiny frog is almost dead.
You hit the plant.
You feel sick. You block the spiny frog's attack.
You hit the spiny frog but do no damage.
The spiny frog is almost dead.
You hit the plant but do no damage. Lightning courses through the plant!
The spiny frog stings you!!
* * * LOW HITPOINT WARNING * * *
You closely miss the spiny frog.
The spiny frog is almost dead.
You hit the plant but do no damage.
You feel sick. The spiny frog stings you!!
You die...

...>.........# ###P.≈≈≈≈≈..#.....
..._.........### #..≈≈≈≈≈.#......
##.............# #..≈≈≈P≈.#......
.....###.##P..## #..≈≈≈≈≈.....#..
....###..#....#####.............#
.#....#.......§.§.#..PP..##......
......##..§§≈≈≈≈§............P...
....P##...§§≈≈≈≈F>...............
.#..P##...≈≈≈#§≈@†...............
...PP##...≈####≈.P..##.##..#.....
.......P..≈≈≈≈§≈..##.#...........
.................####............
.P.PP............P.#.P..#.##.P...
..P....P#..#...........#.........
.......P#.#............#.........
...#....P.###....................
.................#...............


You could see a spiny frog.

Vanquished Creatures
  The ghost of zx48k the Thaumaturge, a journeyman GnWz of Vehumet (Lair:5)
  A two-headed ogre (D:8)
  2 spectral hydras
  5 elephants (Lair:4)
  8 black mambas
  9 spiny frogs
  2 rime drakes
  5 komodo dragons
  3 jumping spiders
  A polar bear (Lair:5)
  Prince Ribbit (D:6)
  15 blink frogs
  6 hippogriffs
  2 spectral black mambas
  A snapping turtle (Lair:4)
  4 redbacks (Lair:4)
  8 yaks
  A human (D:7)
  4 hogs (D:7)
  A steam dragon (D:7)
  A basilisk (Lair:6)
  A spectral spiny frog (Lair:5)
  A hydra simulacrum (Lair:5)
  7 water moccasins
  4 porcupines
  An ice beast (D:8)
  2 phantoms
  2 sky beasts
  2 ogres
  5 wolves
  4 centaurs
  5 crocodiles
  3 big kobolds
  11 bullfrogs
  A gnoll sergeant (D:9)
  2 scorpions
  8 killer bees
  8 howler monkeys
  14 wights
  2 electric eels (Lair:5)
  4 crimson imps
  A quasit (D:10)
  A bullfrog skeleton (D:4)
  A centaur zombie (D:6)
  2 centaur skeletons
  3 orc priests
  7 hounds
  Jessica (D:3)
  4 iguanas
  Terence (D:3)
  5 orc wizards
  4 worker ants
  A hound skeleton (D:8)
  11 adders
  7 gnolls
  3 shadow imps
  2 oozes
  An adder zombie (D:5)
  2 worms
  3 dart slugs
  5 leopard geckos
  20 orcs
  A ball python (D:4)
  4 giant cockroaches
  5 goblins
  9 hobgoblins
  8 jackals
  7 quokkas
  A ball python skeleton (D:4)
  11 bats
  6 frilled lizards
  23 kobolds
  A leopard gecko skeleton (D:4)
  3 rats
  2 fungi
  7 plants
341 creatures vanquished.

Vanquished Creatures (others)
  3 hydras
  A rust devil (D:7)
  A gargoyle (D:10)
  A rime drake (Lair:4)
  2 jumping spiders (Lair:4)
  A blink frog (Lair:2)
  9 fungi
  6 plants
24 creatures vanquished.

Grand Total: 365 creatures vanquished

Notes
Turn   | Place    | Note
-------+----------+-------------------------------------------
     0 | Abyss:1  | Gargoyl the Centaur Abyssal Knight began the quest for the
                  | Orb.
     0 | Abyss:1  | Reached XP level 1. HP: 19/19 MP: 2/2
    32 | Abyss:2  | Got a dazzling hand axe
    33 | Abyss:2  | Identified the +4 hand axe "Tidoerph" {elec, Fragile rElec
                  | SInv} (You found it on level 2 of the Abyss)
    95 | Abyss:4  | Noticed a silent spectre
   114 | D:1      | Escaped the Abyss
   274 | D:1      | Reached XP level 2. HP: 26/26 MP: 3/3
   318 | D:1      | Reached * piety under Lugonu
   556 | D:1      | Reached XP level 3. HP: 32/33 MP: 4/4
  1437 | D:2      | Noticed a centaur
  1441 | D:2      | Killed a centaur
  1441 | D:2      | Reached XP level 4. HP: 39/40 MP: 4/6
  1441 | D:2      | Reached XP level 5. HP: 45/46 MP: 4/7
  1695 | D:3      | Reached skill level 1 in Dodging
  1695 | D:3      | Reached skill level 3 in Invocations
  1697 | D:3      | Reached XP level 6. HP: 23/52 MP: 8/8
  2153 | D:3      | Reached ** piety under Lugonu
  2245 | D:3      | Noticed Jessica
  2261 | D:3      | Killed Jessica
  2394 | D:3      | Noticed Grinder
  2399 | D:3      | Paralysed by Grinder for 5 turns
  2541 | D:3      | Reached XP level 7. HP: 58/60 MP: 9/9
  2557 | D:3      | Noticed Terence
  2565 | D:3      | Killed Terence
  3063 | D:4      | Found a sparkling altar of Nemelex Xobeh.
  3390 | D:4      | Found Esampewk's Distillery.
  3402 | D:4      | Bought a potion of lignification for 36 gold pieces
  3503 | D:4      | Reached skill level 4 in Invocations
  3513 | D:4      | Bought 2 potions of curing for 72 gold pieces
  3528 | D:4      | Found an iron altar of Okawaru.
  3723 | D:5      | Entered Level 5 of the Dungeon
  3871 | D:5      | Reached skill level 5 in Axes
  3931 | D:5      | Reached *** piety under Lugonu
  3962 | D:5      | Reached XP level 8. HP: 65/67 MP: 11/11
  4147 | D:5      | Found a burning altar of Makhleb.
  4148 | D:5      | Found a radiant altar of Vehumet.
  4878 | D:6      | Noticed Prince Ribbit
  4890 | D:6      | Killed Prince Ribbit
  4890 | D:6      | Reached skill level 5 in Fighting
  4890 | D:6      | Reached skill level 5 in Invocations
  5013 | D:6      | Found a white marble altar of Elyvilon.
  5152 | D:7      | Reached **** piety under Lugonu
  5257 | D:7      | Found a staircase to the Ecumenical Temple.
  5299 | D:7      | Reached XP level 9. HP: 74/74 MP: 13/13
  5384 | D:7      | Noticed an angel
  5446 | D:7      | Found a glowing golden altar of the Shining One.
  5514 | D:7      | Reached skill level 1 in Shields
  5628 | D:7      | Reached skill level 5 in Armour
  5759 | D:7      | Reached skill level 6 in Invocations
  5941 | D:7      | Noticed a rust devil
  6035 | D:7      | Banished a rust devil
  6289 | D:8      | Found a white marble altar of Elyvilon.
  6289 | D:8      | Noticed an oklob plant
  6717 | D:8      | Reached XP level 10. HP: 83/83 MP: 13/15
  6738 | D:8      | Noticed a two-headed ogre
  6754 | D:8      | Killed a two-headed ogre
  6754 | D:8      | Reached skill level 1 in Throwing
  7352 | D:9      | Reached skill level 7 in Invocations
  7668 | D:9      | Reached ***** piety under Lugonu
  7909 | D:10     | Entered Level 10 of the Dungeon
  7916 | D:10     | Found a staircase to the Lair.
  7970 | D:10     | Noticed a gargoyle
  7982 | D:10     | Banished a gargoyle
  8176 | D:10     | Found a staircase to the Orcish Mines.
  8819 | Lair:1   | Entered Level 1 of the Lair of Beasts
  8825 | Lair:1   | Noticed a spiny frog
  8835 | Lair:1   | Killed a spiny frog
  9062 | Lair:1   | Reached skill level 8 in Invocations
  9062 | Lair:1   | Reached XP level 11. HP: 66/90 MP: 15/17
 10140 | Lair:2   | HP: 3/92 [blink frog (13)]
 11849 | Lair:4   | Noticed a seven-headed hydra
 11854 | Lair:3   | Banished a seven-headed hydra
 11854 | Lair:3   | Reached skill level 9 in Invocations
 12386 | Lair:4   | Reached XP level 12. HP: 84/100 MP: 18/18
 12412 | Lair:4   | Found a hole to the Spider Nest.
 12733 | Lair:4   | Found a staircase to the Shoals.
 12860 | Lair:4   | Noticed a five-headed hydra
 12863 | Lair:4   | Banished a five-headed hydra
 13033 | Lair:4   | Reached skill level 10 in Invocations
 13648 | Lair:5   | Reached skill level 10 in Axes
 13670 | Lair:5   | Found a viscous altar of Jiyva.
 13670 | Lair:5   | Found a staircase to the Slime Pits.
 13902 | Lair:5   | Found a runed gate.
 13902 | Lair:5   | Found a runed gate.
 13902 | Lair:5   | Found a runed gate.
 13904 | Lair:5   | Noticed zx48k's ghost (journeyman GnWz)
 14158 | Lair:3   | Gained mutation: Your spells are a little harder to cast,
                  | but a little more powerful. [potion of mutation]
 14158 | Lair:3   | Gained mutation: You expend magic power (3 MP) to
                  | strengthen your wands. [potion of mutation]
 14402 | Lair:5   | Noticed a six-headed hydra
 14404 | Lair:5   | Banished a six-headed hydra
 14415 | Lair:5   | Noticed a seven-headed hydra
 14417 | Lair:5   | Banished a seven-headed hydra
 15167 | Lair:5   | Killed zx48k's ghost
 15268 | Lair:6   | Entered Level 6 of the Lair of Beasts
 15583 | Lair:6   | Reached skill level 11 in Invocations
 15641 | Lair:6   | Noticed a six-headed hydra
 15643 | Lair:6   | Banished a six-headed hydra
 15658 | Lair:6   | Reached XP level 13. HP: 99/107 MP: 18/21
 15927 | Lair:5   | Slain by a spiny frog

Skill      XL: |  1  2  3  4  5  6  7  8  9 10 11 12 |
---------------+-------------------------------------+-----
Axes           | 2 3 4 5 6 7 8 9 10 | 10.4
Fighting       | 4 5 6 7 8 |  8.2
Armour         | 2 3 4 5 7 8 9 |  9.7
Dodging        | 1 2 3 4 |  4.2
Invocations    | 3 4 5 6 8 9 11 | 11.1
Shields        | 1 2 3 4 |  4.9
Throwing       | 1 |  1.2
Evocations     | |  0.3

Action                   |  1- 3 |  4- 6 |  7- 9 | 10-12 | 13-15 || total
-------------------------+-------+-------+-------+-------+-------++-------
Melee: Hand axe          |    78 |    47 |   304 |   732 |    55 ||  1216
       Kick              |     6 |    12 |    61 |   191 |    18 ||   288
Throw: Tomahawk          |       |       |     3 |    11 |       ||    14
Invok: Depart the Abyss  |     1 |       |       |       |       ||     1
       Banish            |       |       |     1 |    18 |       ||    19
       Bend Space        |       |       |       |     2 |       ||     2
Evoke: Wand              |       |       |       |     4 |       ||     4
  Use: Scroll            |       |     7 |    10 |     5 |       ||    22
       Potion            |       |       |     2 |     7 |     1 ||    10
  Eat: Chunk             |       |     3 |    11 |    23 |     1 ||    38
       Ration            |       |       |       |     2 |       ||     2
Armor: Scale mail        |    76 |    29 |   152 |   287 |    30 ||   574
Dodge: Dodged            |    29 |    13 |    92 |   185 |    30 ||   349
Block: Buckler           |     3 |     9 |    37 |    15 |       ||    64
       Shield            |       |       |       |   336 |    41 ||   377
